Map: Dusk Towers

Players

BizzJomb

  • Race: Terran Terran
  • League: Gold

A.I. 1 (Very Easy) - Winner!

  • Race: Protoss Protoss

VOD

Have the link to the VOD?

Description

Time

  • Played on: Nov. 30, 2015, 10:47 p.m.
  • Length: 9:23
Show
View Real Time Build Order
Export as new Build Order

BizzJomb Terran 

Build Orders: Reaper Expand, MMM Bio 

Get SALT Encoding   

  12  0:01  SCV  
  13  0:13  SCV  
  14  0:18  Supply Depot  
  14  0:25  SCV  
  15  0:40  SCV  
  15  0:41  Barracks  
  16  0:45  Refinery  
  16  0:52  SCV  
  17  1:04  SCV  
  18  1:16  SCV  
  19  1:29  Orbital Command  
  19  1:30  Reaper  
  20  1:44  Command Center  
  20  1:54  Supply Depot  
  20  1:55  SCV  
  21  2:08  Barracks Reactor, SCV  
  22  2:21  SCV  
  23  2:24  Factory  
  23  2:33  SCV  
  24  2:41  Command Center  
  24  2:44  Marine  
  24  2:45  Marine  
  26  2:51  SCV  
  26  2:56  Orbital Command  
  27  3:00  Refinery  
  27  3:03  SCV  
  28  3:06  Marine  
  28  3:08  Marine  
  28  3:10  Factory Tech Lab  
  30  3:17  SCV  
  31  3:23  SCV  
  32  3:27  Marine x2  
  32  3:29  SCV  
  32  3:33  Cyclone  
  38  3:35  SCV  
  39  3:41  SCV  
  39  3:47  SCV, Marine x2  
  43  3:54  SCV  
  43  3:55  Orbital Command  
  44  3:59  SCV  
  45  4:06  SCV, Barracks  
  45  4:07  Barracks  
  46  4:10  Marine x2  
  46  4:12  Siege Tank  
  46  4:15  SCV  
  52  4:20  SCV, Supply Depot  
  54  4:30  Marine  
  54  4:36  Refinery x2, Engineering Bay  
  54  4:37  Engineering Bay  
  54  4:41  SCV x2  
  54  4:42  SCV  
  57  4:46  Supply Depot  
  57  4:54  SCV x2, Starport  
  59  5:02  Barracks Tech Lab  
  59  5:04  SCV  
  59  5:06  Terran Infantry Weapons Level 1, SCV, Terran Infantry Armor Level 1  
  61  5:08  Supply Depot, Factory Reactor  
  61  5:12  Supply Depot  
  61  5:18  Stimpack, Marine x2  
  61  5:19  Marine  
  61  5:21  SCV x2  
  66  5:22  SCV  
  66  5:26  Combat Shields  
  67  5:36  Marine  
  67  5:37  Supply Depot  
  67  5:38  Supply Depot  
  68  5:42  Barracks  
  68  5:45  Barracks  
  68  5:49  Marine x3  
  71  5:53  Orbital Command  
  71  5:54  Marine  
  72  6:05  Medivac x2  
  72  6:11  SCV x2  
  78  6:14  Armory  
  78  6:18  SCV  
  78  6:22  Marine x4  
  78  6:23  SCV x2  
  85  6:30  SCV  
  86  6:32  Barracks Reactor, Barracks Tech Lab  
  86  6:35  SCV x2  
  86  6:37  Medivac x2  
  86  6:38  Supply Depot  
  86  6:39  Supply Depot  
  92  6:40  Marine  
  92  6:43  SCV  
  94  6:47  SCV  
  94  6:49  SCV  
  96  6:54  Marauder  
  96  6:55  SCV, Marine, Marauder x2  
  96  6:59  Refinery  
  96  7:00  Refinery  
  104  7:02  Supply Depot  
  104  7:04  Supply Depot, Terran Infantry Weapons Level 2  
  104  7:05  Terran Infantry Armor Level 2  
  104  7:15  Barracks  
  104  7:16  Barracks  
  104  7:17  SCV x2  
  104  7:19  Marine x2, Marauder x3  
  104  7:20  Barracks, Marine  
  104  7:21  Marine  
  116  7:35  Supply Depot x2  
  116  7:37  Factory Reactor  
  116  7:38  SCV x2  
  116  7:39  SCV  
  116  7:40  Starport, Marauder  
  121  7:50  SCV x2  
  121  7:51  SCV, Marauder x2, Marine x4  
  130  7:52  Medivac x2  
  130  7:58  Supply Depot  
  136  8:00  Supply Depot  
  136  8:01  Marine  
  136  8:02  SCV x2  
  136  8:03  SCV  
  140  8:09  Barracks Reactor, Barracks Tech Lab  
  140  8:10  Barracks Tech Lab  
  140  8:12  Marauder, Marine x3  
  143  8:13  Liberator, Marine x2  
  143  8:14  Liberator  
  143  8:19  Liberator x2, Marine  
  148  8:20  Supply Depot  
  148  8:22  Supply Depot  
  148  8:29  Marauder x2  
  148  8:30  Marine x2  
  160  8:38  SCV x2  
  168  8:43  Supply Depot  
  168  8:46  Supply Depot  
  168  8:53  Marine, Marauder x4  
  177  8:58  Marine  
  177  8:59  Marauder, Marine x2  
  177  9:00  Marine  
  183  9:03  Marine  
  183  9:05  Command Center  
Show
View Real Time Build Order
Export as new Build Order

A.I. 1 (Very Easy) Protoss - Winner!

Build Orders:  

Get SALT Encoding   

  12  0:01  Probe (Chrono Boost)  
  13  0:11  Probe (Chrono Boost)  
  14  0:19  Pylon  
  14  0:36  Assimilator  
  14  0:43  Gateway  
  14  0:47  Pylon  
  14  1:15  Assimilator  
  14  1:28  Probe (Chrono Boost), Zealot  
  14  1:32  Cybernetics Core  
  17  1:39  Probe (Chrono Boost)  
  18  1:50  Probe (Chrono Boost)  
  19  1:57  Warp Gate  
  19  2:00  Probe (Chrono Boost)  
  20  2:12  Probe (Chrono Boost)  
  22  2:23  Probe (Chrono Boost)  
  22  2:34  Stalker  
  24  6:55  Probe (Chrono Boost)  
  24  6:56  Adept, Pylon  
  24  6:58  Robotics Facility  
  24  7:01  Nexus  
  27  7:05  Probe (Chrono Boost)  
  28  7:16  Probe (Chrono Boost)  
  29  7:27  Probe (Chrono Boost)  
  30  7:31  Pylon  
  26  7:37  Probe (Chrono Boost)  
  27  7:45  Observer  
  28  7:54  Stalker  
  30  8:06  Observer  
  31  8:15  Probe (Chrono Boost)  
  32  8:20  Assimilator  
  32  8:21  Probe (Chrono Boost)  
  32  8:24  Assimilator  
  33  8:28  Probe (Chrono Boost)  
  34  8:35  Probe (Chrono Boost)  
  35  8:42  Probe (Chrono Boost)  
  36  8:49  Probe (Chrono Boost)  
  36  8:52  Zealot  
  39  8:57  Probe (Chrono Boost)  
  40  9:04  Probe (Chrono Boost)  
  41  9:11  Probe (Chrono Boost)  
Tags
 
Composition
MMM Bio
League
Gold
Matchup
PvT
Add a new tag
Caveats
  • Supply blocks, unpowered buildings, or Contaminate may cause inaccurate times.
  • Supply counts are checked every 10 seconds.